 Dungeon Crawl Stone Soup version 0.27-a0-1206-g6342a01c75 (webtiles) character file.

Game seed: 14898612274483078482

25 Analysis the Poker (level 3, -6/27 HPs)
             Began as a Merfolk Gladiator on June 5, 2021.
             Killed by nerve-wracking pain
             ... invoked by a shadow imp
             ... summoned by Natasha
              (14 damage)
             ... on level 2 of the Dungeon.
             The game lasted 00:03:40 (1508 turns).

Analysis the Poker (Merfolk Gladiator)              Turns: 1508, Time: 00:03:40

Health: -6/27      AC:  0    Str: 14    XL:     3   Next: 4%
Magic:  3/3        EV: 22    Int:  7    God:
Gold:   43         SH:  0    Dex: 21    Spells: 2/2 levels left

rFire    . . .     SeeInvis .   (weapon currently unavailable)
rCold    . . .     Faith    .   (shield currently unavailable)
rNeg     . . .     Spirit   .   (armour currently unavailable)
rPois    .         Reflect  .   (helmet currently unavailable)
rElec    .         Harm     .   (cloak currently unavailable)
rCorr    .         Rampage  .   (gloves currently unavailable)
Will     .....                  (boots currently unavailable)
Stlth    ++........             (no amulet)
HPRegen  0.09/turn              (ring currently unavailable)
MPRegen  0.08/turn              (ring currently unavailable)

@: bat-form, flying, slowed, quick
A: fast, flying, no casting, tiny, (nimble swimmer 2), (mertail)
a: no special abilities


You were on level 2 of the Dungeon.
You were a bat.
You visited 1 branch of the dungeon, and saw 2 of its levels.

You collected 43 gold pieces.

Inventory:

Hand Weapons
 a - a +0 trident (melded)
Missiles
 d - 3 throwing nets (quivered)
Armour
 b - a +0 leather armour (melded)
 c - a +0 helmet (melded)
Scrolls
 f - a scroll of immolation {unknown}
 h - a scroll of teleportation {unknown}
 i - a scroll of vulnerability {unknown}
 j - a scroll of amnesia {unknown}
Potions
 e - a potion of flight {unknown}
 g - a potion of heal wounds {unknown}


   Skills:
 - Level 2.1 Fighting
 * Level 5.6 Polearms
 - Level 2.0 Throwing
 + Level 4.5 Dodging


You had 2 spell levels left.
You didn't know any spells.
Your spell library was empty.

Dungeon Overview and Level Annotations

Branches:
Dungeon (2/15)

Altars:

Annotations:
D:2 Natasha


Innate Abilities, Weirdness & Mutations

You are a bat.
You are tiny and dextrous.
You move quickly.
You are flying.
Your equipment is almost entirely melded.
You are incapable of wielding weapons or throwing items.
You cannot cast spells.
((You are quick and stealthy near water. (Stealth+, EV+, Speed+++)))
((Your lower body shifts to a powerful aquatic tail in water.))


Message History

Natasha is carrying a wand of polymorph (8).
Natasha hisses angrily.
Natasha stares at you and mumbles some strange words.
You resist with significant effort.
Natasha hisses.
Natasha stares at you and mumbles some strange words.
You resist with significant effort.
You see here a +0 dagger.
There is a stone staircase leading up here.
Natasha barely misses you.
You barely miss Natasha. Natasha claws you.
You hit Natasha but do no damage. Natasha claws you but does no damage.
You closely miss Natasha.
Natasha zaps a wand.
You turn into a bat.
Your +0 trident melds into your body.
Your +0 helmet melds into your body.
Your +0 leather armour melds into your body.
You hit Natasha but do no damage. The kobold misses you.
Natasha casts a spell.
You hit Natasha.
Natasha is lightly wounded.
The kobold misses you.
You hit Natasha but do no damage.
Natasha is lightly wounded.
Natasha zaps a wand.
You resist with significant effort. The kobold hits you with a +0 whip.
You hit Natasha.
Natasha is moderately wounded.
The shadow imp misses you.
Natasha stares at you and mumbles some strange words.
You feel yourself slow down. The kobold completely misses you.
You hit Natasha.
Natasha is moderately wounded.
The shadow imp hits you. Natasha completely misses you.
The kobold hits you with a +0 whip.
* * * LOW HITPOINT WARNING * * *
The shadow imp misses you. Natasha closely misses you.
The kobold completely misses you. The shadow imp gestures at you.
Pain shoots through your body!
Ouch! That really hurt!
You die...

.. #.# #.# ....
... ...# #.# . ...
..# #.##.#####.#
#....Kb....# #
#....5h###.###.###
#......)..........
#.##+#.###..##.###
.. ...# #........
# #.### #..##.###
#........# #
#....###.# .... ..


You could see Natasha, a shadow imp (summoned) and a kobold.

Vanquished Creatures
  6 endoplasms (D:1)
  2 giant cockroaches (D:1)
  2 goblins (D:1)
  3 hobgoblins (D:1)
  4 kobolds (D:1)
  A quokka (D:1)
  A ball python (D:1)
  A frilled lizard (D:1)
20 creatures vanquished.

Vanquished Creatures (others)
  A plant (D:1)
1 creature vanquished.

Grand Total: 21 creatures vanquished

Notes
Turn   | Place    | Note
-------+----------+-------------------------------------------
     0 | D:1      | Analysis the Merfolk Gladiator began the quest for the Orb.
     0 | D:1      | Reached XP level 1. HP: 16/16 MP: 1/1
   320 | D:1      | Reached XP level 2. HP: 22/22 MP: 2/2
   342 | D:1      | Reached skill level 5 in Polearms
  1292 | D:1      | Reached XP level 3. HP: 27/27 MP: 3/3
  1487 | D:2      | Noticed Natasha
  1508 | D:2      | Killed from afar by a shadow imp

Illustrated notes

Levels and vault maps discovered:
D:1:      ncdulo_lavacross, layout_basic, serial_bayou_pond_d,
          corexii_hall_statues_i, minmay_misc_feat_roman, hangedman_decor_push
D:2:      layout_basic, uniq_natasha, uniq_terence

Skill      XL: |  1  2 |
---------------+-------+-----
Polearms       | 5 |  5.6
Fighting       | |  2.1
Throwing       | |  2.0
Dodging        | |  4.5

Action                   || total
-------------------------++-------
Melee: Trident           ||    64
       Unarmed           ||     5
 Stab: Sleeping          ||     1
Armor: Leather armour    ||     9
Dodge: Dodged            ||    31

Table legend: (Time is in decaauts)
 A = Elapsed time spent in this place.
 B = Non-inter-level travel time spent in this place.
 C = Inter-level travel time spent in this place.
 D = Time resting spent in this place.
 E = Time spent auto-exploring this place.
 F = Levels seen in this place.
 G = Mean time per level.
                   A        B        C        D        E       F      G
               +--------+--------+--------+--------+--------+-----+--------+
         Total |   1510 |   1495 |     15 |    441 |    857 |   2 |  755.0 |
       Dungeon |   1510 |   1495 |     15 |    441 |    857 |   2 |  755.0 |
               +--------+--------+--------+--------+--------+-----+--------+

Top non-repeatable levels by time:
     D:1: 1481 daAuts
     D:2: 28 daAuts
